 Dungeon Sprint DCSS version 0.22.1-1-ga44c0e56f4 (webtiles) character file.

156 MuseOD the Covert (level 5, -9/29 HPs)
             Began as a Spriggan Enchanter on Oct 1, 2018.
             Was an Initiate of Dithmenos.
             Mangled by an earth elemental (30 damage)
             ... summoned by a deep elf mage
             ... in the Dungeon (Sprint III: "The Ten Rune Challenge").
             The game lasted 00:01:22 (319 turns).

MuseOD the Covert (Spriggan Enchanter)               Turns: 319, Time: 00:01:23

Health: -9/29      AC:  2    Str:  4    XL:     5   Next: 15%
Magic:  4/10       EV: 18    Int: 17    God:    Dithmenos [......]
Gold:   40         SH:  0    Dex: 17    Spells: 3/9 levels left

rFire    . . .     SeeInvis +   a - +1 dagger
rCold    . . .     Gourm    .   (shield restricted)
rNeg     . . .     Faith    .   b - +0 robe
rPois    .         Spirit   .   (helmet restricted)
rElec    .         Reflect  .   (no cloak)
rCorr    .         Harm     .   (gloves unavailable)
MR       .....     NoTele   +   (boots unavailable)
Stlth    ++++......             (no amulet)
HPRegen  0.09/turn              (no ring)
MPRegen  0.12/turn              (no ring)

@: very quick
A: very small, unfitting armour, see invisible, herbivore, speed 3, slow
metabolism 2
a: Renounce Religion


You were in the Dungeon.
You worshipped Dithmenos.
Dithmenos was noncommittal.
You were not hungry.

You visited 1 branch You collected 40 gold pieces.

Inventory:

Hand Weapons
 a - a +1 dagger (weapon)
Armour
 b - a +0 robe (worn)
Scrolls
 j - a scroll of blinking
 k - a scroll of immolation {unknown}
 l - 2 scrolls of enchant weapon {unknown}
 n - a scroll of torment {unknown}
 o - a scroll of identify {unknown}
 p - 2 scrolls of remove curse
Potions
 c - 4 potions of mutation
 e - a potion of curing
 f - 3 potions of heal wounds
 g - a potion of haste
 h - 2 potions of magic
 i - a potion of berserk rage
 m - 3 potions of flight
Comestibles
 d - 3 rations


   Skills:
 + Level 4.1 Fighting
 * Level 8.1 Short Blades
 - Level 3.0 Dodging
 + Level 9.2 Stealth
 - Level 2.6 Spellcasting
 - Level 3.6 Hexes


You had 3 spell levels left.
You knew the following spells:

 Your Spells              Type           Power        Failure   Level  Hunger
a - Corona                Hex            ##.....      4%          1    #......
b - Ensorcelled Hibernat  Hex/Ice        #.....       13%         2    ##.....
c - Confuse               Hex            ##......     12%         3    ###....

Your spell library contained the following spells:

 Spells                   Type           Power        Failure   Level  Hunger
 Tukima's Dance           Hex            ##......     12%         3    ###....
 Dazzling Spray           Conj/Hex       #.....       26%         3    ###....


Dungeon Overview and Level Annotations

Branches:
Dungeon (1/1)

Altars:
Dithmenos
Elyvilon
Ru
Yredelemnul
Zin
The Shining One


Innate Abilities, Weirdness & Mutations

You are very small and have problems with some larger weapons.
You are too small for most types of armour.
You have supernaturally acute eyesight. (SInv)
You are a herbivore.
You cover ground extremely quickly.
You need to consume almost no food.


Message History

You close the door.
A deep elf mage opens the door.
You close the door.
A deep elf mage opens the door.
You close the door.
A deep elf mage opens the door.
You close the door.
A deep elf mage opens the door.
You close the door.
A deep elf mage opens the door.
You close the door.
A deep elf mage opens the door.
You close the door.
A deep elf mage opens the door.
The deep elf mage casts a spell at you. The stone arrow misses you.
As you close the door, it creaks loudly!
A deep elf mage opens the door.
You close the door.
A deep elf mage opens the door.
You close the door.
A deep elf mage opens the door.
You close the door.
A deep elf mage opens the door.
There's a creature in the doorway!
There is a sacrificial altar of Ru here.
There is a shadowy altar of Dithmenos here.
The earth elemental hits you!!
Ouch! That really hurt!
You die...

▓▓▓ ##.##### ####
####..#___# #__#
#..#..#!E.# #.@#
#..#..###E#+###E##
##'#..#........eE#
###...+.⌠........#
###...#...######+#
##...E#.⌠.#
#.....#...#
......#+###
#.....#


You could see an earth elemental and a deep elf mage.

Vanquished Creatures
  A necrophage (D)
  Jessica (D)
  A necromancer (D)
  A human (D)
  An ooze (D)
  A phantom (D)
  2 rats (D)
8 creatures vanquished.

Vanquished Creatures (others)
  2 draconian scorchers (D)
  6 hellions (D)
  A yaktaur (D)
9 creatures vanquished.

Grand Total: 17 creatures vanquished

Notes
Turn   | Place    | Note
-------+----------+-------------------------------------------
     0 | D        | MuseOD the Spriggan Enchanter began the quest for the Orb.
     0 | D        | Reached XP level 1. HP: 9/9 MP: 5/5
     9 | D        | Reached skill level 1 in Fighting
     9 | D        | Reached skill level 5 in Stealth
    17 | D        | Noticed Jessica
    36 | D        | Killed Jessica
    36 | D        | Reached skill level 6 in Stealth
    36 | D        | Reached XP level 2. HP: 10/15 MP: 3/6
    36 | D        | Reached XP level 3. HP: 12/18 MP: 4/8
    48 | D        | Learned a level 2 spell: Ensorcelled Hibernation
    52 | D        | Learned a level 3 spell: Confuse
    55 | D        | Killed a yaktaur
   105 | D        | Killed a hellion
   130 | D        | Killed a hellion
   161 | D        | Killed a hellion
   161 | D        | Killed a white draconian scorcher
   184 | D        | Killed a hellion
   196 | D        | Killed a white draconian scorcher
   217 | D        | Reached skill level 5 in Short Blades
   217 | D        | Reached skill level 7 in Stealth
   229 | D        | Killed a hellion
   244 | D        | Noticed a water elemental
   271 | D        | Found a basalt altar of Yredelemnul.
   271 | D        | Found a shadowy altar of Dithmenos.
   271 | D        | Found a sacrificial altar of Ru.
   271 | D        | Noticed a necrophage
   271 | D        | Noticed a necromancer
   273 | D        | Killed a necromancer
   273 | D        | Reached XP level 4. HP: 24/24 MP: 9/9
   273 | D        | Killed a hellion
   274 | D        | Killed a necrophage
   274 | D        | Reached skill level 9 in Stealth
   274 | D        | Reached XP level 5. HP: 29/29 MP: 10/10
   278 | D        | Became a worshipper of Dithmenos the Shadowed
   287 | D        | Found a glowing silver altar of Zin.
   287 | D        | Found a glowing golden altar of the Shining One.
   287 | D        | Found a white marble altar of Elyvilon.
   287 | D        | Noticed a deep elf mage
   319 | D        | Mangled by an earth elemental

Skill      XL: |  1  2  3  4 |
---------------+-------------+-----
Fighting       | 2 3 4 |  4.1
Short Blades   | 4 6 8 |  8.1
Stealth        | 6 7 9 |  9.2
Dodging        | |  3.0
Spellcasting   | |  2.6
Hexes          | |  3.6

Action                   |  1- 3 |  4- 6 || total
-------------------------+-------+-------++-------
Melee: Dagger            |    18 |     1 ||    19
 Cast: Corona            |     2 |       ||     2
       Confuse           |     3 |     3 ||     6
 Stab: Sleeping          |     4 |     1 ||     5
       Confused          |     1 |       ||     1
Dodge: Dodged            |    11 |     2 ||    13
